 Dungeon Crawl Stone Soup version 0.21.0-3-g78d12a8 (webtiles) character file.

132094 JeffiDaFish the Impregnable (level 16, -16/151 HPs)
             Began as a Minotaur Fighter on Jan 14, 2018.
             Was the Champion of Okawaru.
             Killed from afar by a merfolk aquamancer (34 damage)
             ... with a ball of steam
             ... on level 4 of the Shoals.
             The game lasted 01:21:48 (29139 turns).

JeffiDaFish the Impregnable (Minotaur Fighter)     Turns: 29139, Time: 01:21:49

Health: -16/151    AC: 30    Str: 22    XL:     16   Next: 56%
Magic:  16/20      EV: 18    Int:  9    God:    Okawaru [******]
Gold:   1743       SH:  9    Dex: 22    Spells: 13/15 levels left

rFire    . . .     SeeInvis .   F - +6 broad axe (elec)
rCold    . . .     Gourm    .   D - +3 buckler of Wasted Space {rElec Int+4 Dex+3 Stlth-}
rNeg     . . .     Faith    .   B - +3 plate armour {MR+}
rPois    +         Spirit   .   c - +0 hat
rElec    +         Reflect  .   A - scarf {cloud immunity}
rCorr    .         Harm     .   q - +2 pair of gloves
MR       ++...                  p - +0 pair of boots
Stlth    ..........             t - amulet of rage
HPRegen  0.35/turn              g - +3 ring of dexterity
MPRegen  0.17/turn              h - ring of poison resistance

@: finesse, very slightly contaminated
A: retaliatory headbutt, horns 2, iridescent scales 1, electricity resistance
a: Heroism, Finesse, Renounce Religion, Evoke Berserk Rage


You were on level 4 of the Shoals.
You worshipped Okawaru.
Okawaru was exalted by your worship.
You were not hungry.

You visited 5 branches of the dungeon, and saw 28 of its levels.

You collected 2711 gold pieces.
You spent 968 gold pieces at shops.

Inventory:

Hand Weapons
 x - the +2 mace of Uklot {flame, MR+}
   (You found it on level 4 of the Lair of Beasts)

   It has been specially enchanted to burn those struck by it, causing extra
   injury to most foes and up to half again as much damage against particularly
   susceptible opponents.
   It affects your resistance to hostile enchantments.
 F - a +6 broad axe of electrocution (weapon)
Armour
 c - a +0 hat (worn)
 p - a +0 pair of boots (worn)
 q - a +2 pair of gloves (worn)
 y - a +3 buckler of poison resistance
 A - a scarf of cloud immunity (worn)
 B - a +3 plate armour of magic resistance (worn)
 D - the +3 buckler of Wasted Space (worn) {rElec Int+4 Dex+3 Stlth-}
   (You bought it in a shop on level 2 of the Orcish Mines)

   It affects your intelligence (+4).
   It affects your dexterity (+3).
   It insulates you from electricity.
   It makes you less stealthy.
Jewellery
 g - a +3 ring of dexterity (left hand)
 h - a ring of poison resistance (right hand)
 t - an amulet of rage (around neck)
 z - an uncursed ring of protection from fire
Wands
 j - a wand of iceblast (18)
Scrolls
 e - 3 scrolls of blinking
 i - a scroll of magic mapping
 k - 8 scrolls of identify
 l - 11 scrolls of remove curse
 m - 10 scrolls of teleportation
 u - a scroll of fear
 C - a scroll of fog
Potions
 a - 3 potions of resistance
 b - 8 potions of curing
 d - a potion of heal wounds
 o - 2 potions of brilliance
 r - 5 potions of agility
 s - 9 potions of flight
 v - 6 potions of might
 w - 3 potions of haste
Comestibles
 f - 43 rations
 n - 14 chunks of flesh


   Skills:
 - Level 15.8 Fighting
 + Level 16.1 Axes
 - Level 21.0 Armour
 + Level 15.0 Dodging
 - Level 4.1 Shields
 - Level 5.0 Invocations
 - Level 6.8 Evocations


You had 13 spell levels left.
You knew the following spells:

 Your Spells              Type           Power        Failure   Level  Hunger
a - Blink                 Tloc           N/A          98%         2    ###....


Dungeon Overview and Level Annotations

Branches:
Dungeon (15/15)            Temple (1/1) D:6            Lair (6/6) D:10
 Shoals (4/4) Lair:2       Spider (0/4) Lair:2        Slime (0/5) Lair:6
    Orc (2/2) D:10            Elf (0/3) Orc:2        Vaults (0/5) D:14
 Depths (0/5) D:15

Altars:
Ashenzari
Cheibriados
Dithmenos
Elyvilon
Fedhas
Gozag
Hepliaklqana
Kikubaaqudgha
Makhleb
Nemelex Xobeh
Okawaru
Qazlal
Ru
Sif Muna
Trog
Vehumet
Wu Jian
Xom
Yredelemnul
Zin
The Shining One
Beogh
Jiyva

Shops:
D:7 [   D:11 !   Orc:1 [   Orc:2 (*:[

Annotations:
Lair:1 exclusion: 3 oklob plants


Innate Abilities, Weirdness & Mutations

You reflexively headbutt those who attack you in melee.
You have a pair of horns on your head.
You are partially covered in iridescent scales. (AC +2)
You are resistant to electric shocks. (rElec)


Message History

You block the merfolk's attack.
Blink to where?
Press: ? - help, Dir - move target cursor Splash!
You are very lightly contaminated with residual magic.
As you read the scroll of blinking, it crumbles to dust.
You feel much better.
The water nymph gestures at you while chanting.
The water swirls and strikes you!
* * * LOW HITPOINT WARNING * * *
Found 18 poisoned needles.
A merfolk aquamancer comes into view. It is wielding a rapier.
The merfolk aquamancer shouts!
Found a scroll of identify.
A merfolk comes into view. It is wielding a trident.
A water elemental comes into view.
The merfolk shouts!
You hear a shout!
The merfolk aquamancer casts a spell at you.
The ball of steam hits you!
You die...

#≈#≈#.≈ ≈≈≈≈ ≈....≈≈≈≈#
≈≈..≈ ≈≈≈≈ ≈≈...≈≈≈≈###
#m.##≈≈≈≈
≈≈.....≈...#######≈≈m≈≈≈
≈≈.........#.##m#≈≈≈≈≈≈≈
≈≈.............m≈≈≈.≈≈≈≈
≈≈≈...........t.≈....≈≈≈
≈....................≈≈P
≈......@.....)........PP
......§≈###≈##........P≈
.?≈.§§.## ####....P..PP≈
.≈≈§.## ##...P..P≈≈
..m.. ##...PP≈P≈ ....
#...≈P≈≈≈


Em. ##..≈≈≈≈P. ... #..≈≈≈≈... #...≈...). You could see a snapping turtle.

Vanquished Creatures
  Saint Roka (Orc:2)
  4 krakens (Shoals:2)
  Kirke (D:15)
  Gastronok (Lair:2)
  4 dire elephants (Lair:6)
  A merfolk javelineer (Shoals:4)
  Snorg (D:10)
  Josephine (Lair:6)
  A fire dragon (D:15)
  5 merfolk impalers
  7 hydras
  Harold (Lair:3)
  Fannar (Lair:2)
  An ice dragon (D:15)
  2 vault guards (D:14)
  An anaconda (Lair:6)
  14 two-headed ogres
  A merfolk avatar (Shoals:2)
  4 centaur warriors
  An ogre mage (D:15)
  A merfolk aquamancer (Shoals:1)
  A satyr (Shoals:3)
  2 orc high priests
  Nergalle (Orc:2)
  The ghost of 0nlyMegaZig the Arsonist, a novice NaFE of Makhleb (D:7)
  5 skeletal warriors (D:15)
  5 sea snakes
  2 wizards (D:14)
  Pikel (D:7)
  8 harpies (Shoals:3)
  A wolf spider (Lair:2)
  A necromancer (D:14)
  5 orc knights
  A wolf spider zombie (D:13)
  4 cyclopes
  7 manticores
  5 ugly things (D:15)
  An orc sorcerer (Orc:2)
  6 fauns
  10 elephants
  4 centaur zombies
  4 merfolk sirens
  2 black mambas (Lair:5)
  A gargoyle (D:10)
  The ghost of valrus the Insei, a novice GnTm (D:5)
  8 spiny frogs
  2 rime drakes
  A freezing wraith (D:14)
  2 centaur skeletons
  A yaktaur (D:15)
  6 komodo dragons
  A queen bee (D:14)
  6 trolls
  12 merfolk
  6 meliai
  4 hornets
  2 jumping spiders (Lair:2)
  3 wind drakes
  6 polar bears
  9 blink frogs
  13 hippogriffs
  A snapping turtle (Shoals:2)
  3 slime creatures (D:15)
  A redback (Lair:2)
  12 spriggans (Lair:5)
  5 wraiths (Lair:6)
  2 wyverns
  2 shadows
  7 water elementals
  19 humans
  4 hogs (D:15)
  66 yaks
  2 basilisks
  The ghost of gowby the Slasher, an amateur HOSk of Okawaru (D:4)
  2 hungry ghosts
  4 wargs
  3 soldier ants
  An acid dragon (D:14)
  8 water moccasins
  10 porcupines
  8 sky beasts
  4 ice beasts
  29 orc warriors
  3 slaves (D:7)
  3 necrophages
  9 black bears
  An eye of draining (D:14)
  2 phantoms
  8 ogres
  11 wolves
  3 boggarts (Lair:5)
  10 centaurs
  10 crocodiles
  Blork the orc (Orc:1)
  2 big kobolds
  12 bullfrogs
  A gnoll sergeant (D:11)
  A wyvern skeleton (D:12)
  6 scorpions
  24 killer bees
  An electric eel (Lair:2)
  18 wights
  4 howler monkeys
  A lava snake (D:15)
  6 crimson imps
  2 bullfrog zombies
  A jelly (D:8)
  6 hounds
  17 orc priests
  2 bullfrog skeletons
  5 iguanas
  8 worker ants
  Ijyb (D:5)
  20 orc wizards
  2 killer bee zombies (D:7)
  A hound zombie (D:7)
  A hound skeleton (D:10)
  A worker ant zombie (D:8)
  9 gnolls
  A howler monkey skeleton (D:4)
  15 adders
  A shadow imp (D:5)
  An ooze (D:4)
  3 adder skeletons
  3 worms
  A dart slug (D:3)
  5 leopard geckos
  59 orcs
  9 giant cockroaches
  6 goblins
  11 hobgoblins
  10 jackals
  3 quokkas
  5 bats
  5 frilled lizards
  A jackal zombie (D:5)
  9 kobolds
  A leopard gecko zombie (D:6)
  6 rats
  A fire vortex (D:15)
  19 plants
  13 tentacles (Shoals:2)
810 creatures vanquished.

Vanquished Creatures (others)
  A vampire (D:15)
  A crimson imp (D:7)
  6 fungi
  12 plants
  33 tentacles (Shoals:2)
53 creatures vanquished.

Grand Total: 863 creatures vanquished

Notes
Turn   | Place    | Note
-------+----------+-------------------------------------------
     0 | D:1      | JeffiDaFish the Minotaur Fighter began the quest for the Orb.
     0 | D:1      | Reached XP level 1. HP: 19/19 MP: 0/0
   377 | D:1      | Reached XP level 2. HP: 26/27 MP: 1/1
  1032 | D:2      | Reached skill level 1 in Dodging
  1096 | D:2      | Reached XP level 3. HP: 25/33 MP: 2/2
  1413 | D:2      | Reached skill level 4 in Armour
  1655 | D:2      | Reached XP level 4. HP: 40/40 MP: 3/3
  1762 | D:2      | Found a faded altar of an unknown god.
  1830 | D:3      | Found an ornate altar of the Wu Jian Council.
  2037 | D:3      | Reached XP level 5. HP: 41/47 MP: 4/4
  2460 | D:4      | Reached XP level 6. HP: 51/55 MP: 5/5
  2538 | D:4      | Noticed gowby's ghost (amateur HOSk)
  2545 | D:4      | Killed gowby's ghost
  2545 | D:4      | Reached skill level 5 in Fighting
  2545 | D:4      | Reached skill level 5 in Armour
  2588 | D:4      | Reached XP level 7. HP: 61/61 MP: 6/6
  2851 | D:4      | Reached skill level 5 in Dodging
  3179 | D:5      | Entered Level 5 of the Dungeon
  3254 | D:5      | Learned a level 2 spell: Blink
  3383 | D:5      | Noticed valrus's ghost (novice GnTm)
  3404 | D:5      | Killed valrus's ghost
  3404 | D:5      | Reached skill level 5 in Axes
  3404 | D:5      | Reached skill level 6 in Armour
  3404 | D:5      | Reached XP level 8. HP: 31/70 MP: 7/7
  3751 | D:5      | Noticed Ijyb
  3812 | D:5      | Killed Ijyb
  4168 | D:6      | Found a staircase to the Ecumenical Temple.
  4191 | Temple   | Entered the Ecumenical Temple
  4331 | Temple   | Became a worshipper of Warmaster Okawaru
  4753 | D:6      | Reached * piety under Okawaru
  4753 | D:6      | Reached skill level 7 in Armour
  4901 | D:6      | Found a bloodstained altar of Trog.
  4982 | D:6      | Reached XP level 9. HP: 76/79 MP: 8/8
  5114 | D:7      | Noticed a centaur warrior
  5123 | D:7      | Killed a centaur warrior
  5123 | D:7      | Reached ** piety under Okawaru
  5123 | D:7      | Reached skill level 8 in Armour
  5517 | D:7      | Noticed Pikel
  5529 | D:7      | Killed Pikel
  5568 | D:7      | Noticed 0nlyMegaZig's ghost (novice NaFE)
  5580 | D:7      | Killed 0nlyMegaZig's ghost
  5580 | D:7      | Reached *** piety under Okawaru
  5580 | D:7      | Reached XP level 10. HP: 61/90 MP: 9/9
  5614 | D:7      | Found Ineitekk's Armour Boutique.
  5705 | D:7      | Reached skill level 10 in Dodging
  5960 | D:8      | Noticed a two-headed ogre
  5969 | D:8      | Killed a two-headed ogre
  5969 | D:8      | Reached skill level 9 in Armour
  6095 | D:8      | Found a flagged portal.
  6196 | D:8      | Found a deep blue altar of Sif Muna.
  6593 | D:9      | Noticed a two-headed ogre
  6604 | D:9      | Killed a two-headed ogre
  6604 | D:9      | Reached **** piety under Okawaru
  7444 | D:10     | Entered Level 10 of the Dungeon
  7501 | D:10     | Reached skill level 10 in Fighting
  7505 | D:10     | Noticed a two-headed ogre
  7517 | D:10     | Killed a two-headed ogre
  7517 | D:10     | Reached ***** piety under Okawaru
  7517 | D:10     | Reached skill level 10 in Armour
  7547 | D:10     | Reached XP level 11. HP: 49/100 MP: 10/10
  7593 | D:10     | Found a staircase to the Orcish Mines.
  7960 | D:10     | Noticed a two-headed ogre
  7970 | D:10     | Killed a two-headed ogre
  7970 | D:10     | Reached skill level 10 in Axes
  8095 | D:10     | Found a staircase to the Lair.
  8134 | D:10     | Noticed a two-headed ogre
  8142 | D:10     | Killed a two-headed ogre
  8651 | D:10     | Reached skill level 11 in Armour
  8998 | D:10     | Noticed Snorg
  9002 | D:10     | Killed Snorg
  9125 | Lair:1   | Entered Level 1 of the Lair of Beasts
  9172 | Lair:1   | Reached ****** piety under Okawaru
  9519 | Lair:1   | Noticed an oklob plant
  9519 | Lair:1   | Noticed an oklob plant
  9519 | Lair:1   | Noticed an oklob plant
  9534 | Lair:1   | Noticed an eight-headed hydra
  9546 | Lair:1   | Killed a 12-headed hydra
  9546 | Lair:1   | Reached skill level 12 in Armour
 10242 | Lair:2   | Reached XP level 12. HP: 106/112 MP: 11/11
 10291 | Lair:2   | Noticed Fannar
 10298 | Lair:2   | Killed Fannar
 10338 | Lair:2   | Gained mutation: You are resistant to electric shocks. (rElec) [potion of mutation]
 10338 | Lair:2   | Gained mutation: You are partially covered in iridescent scales. (AC +2) [potion of mutation]
 10421 | Lair:2   | Received a gift from Okawaru
 10506 | Lair:2   | Noticed Gastronok
 10517 | Lair:2   | Killed Gastronok
 10750 | Lair:2   | Found a hole to the Spider Nest.
 11088 | Lair:2   | Found a staircase to the Shoals.
 12306 | Lair:3   | Reached skill level 1 in Evocations
 12311 | Lair:3   | Reached skill level 13 in Armour
 12734 | Lair:3   | Noticed Harold
 12743 | Lair:3   | Killed Harold
 12918 | Lair:3   | Noticed a six-headed hydra
 12931 | Lair:3   | Killed a six-headed hydra
 13278 | Lair:4   | Got a dazzling mace
 13279 | Lair:4   | Identified the +2 mace of Uklot {flame, MR+} (You found it on level 4 of the Lair of Beasts)
 13492 | Lair:4   | Received a gift from Okawaru
 14066 | Lair:5   | Reached XP level 13. HP: 122/122 MP: 14/14
 14592 | Lair:5   | Reached skill level 5 in Evocations
 15699 | Lair:6   | Entered Level 6 of the Lair of Beasts
 15699 | Lair:6   | Found a staircase to the Slime Pits.
 15699 | Lair:6   | Found a viscous altar of Jiyva.
 15716 | Lair:5   | Reached skill level 14 in Armour
 15893 | Lair:5   | Received a gift from Okawaru
 16774 | Lair:6   | Reached skill level 1 in Invocations
 16888 | Lair:6   | Reached XP level 14. HP: 132/132 MP: 18/18
 17099 | Lair:6   | Noticed Josephine
 17109 | Lair:6   | Killed Josephine
 17301 | Lair:6   | Received a gift from Okawaru
 17546 | Lair:6   | Got a bloodstained chain mail
 17574 | Lair:6   | Identified the +1 chain mail of the Dwarven Hall {Slay+2 Stlth+} (You found it on level 6 of the Lair of Beasts)
 18085 | D:11     | Found Asentaov's Distillery.
 18105 | D:11     | Bought a potion of might for 48 gold pieces
 18105 | D:11     | Bought a potion of might for 48 gold pieces
 18105 | D:11     | Bought a potion of might for 48 gold pieces
 18105 | D:11     | Bought a potion of agility for 48 gold pieces
 18105 | D:11     | Bought a potion of curing for 36 gold pieces
 18105 | D:11     | Bought a potion of curing for 36 gold pieces
 19364 | D:12     | Reached skill level 15 in Armour
 19364 | D:12     | Reached skill level 5 in Invocations
 20866 | D:14     | Reached skill level 15 in Fighting
 21041 | D:14     | Received a gift from Okawaru
 21042 | D:14     | Found the +7 Kryia's mail coat {PotionHeal*2 rC+}
 21051 | D:14     | Reached skill level 16 in Armour
 21284 | D:14     | Reached XP level 15. HP: 78/141 MP: 19/19
 21297 | D:14     | Reached skill level 15 in Axes
 21602 | D:14     | Found a gate to the Vaults.
 21865 | D:15     | Entered Level 15 of the Dungeon
 21960 | D:15     | Reached skill level 17 in Armour
 22468 | D:15     | Noticed Kirke
 22486 | D:15     | Killed Kirke
 22486 | D:15     | Received a gift from Okawaru
 22517 | D:15     | Reached skill level 18 in Armour
 22767 | D:15     | Found a bloodstained altar of Trog.
 23094 | D:15     | Found a staircase to the Depths.
 23535 | Orc:1    | Entered Level 1 of the Orcish Mines
 23657 | Orc:1    | Found a roughly hewn altar of Beogh.
 23838 | Orc:1    | Found Omudarch's Antique Armour Shop.
 23917 | Orc:2    | Entered Level 2 of the Orcish Mines
 23917 | Orc:2    | Found a labyrinth entrance.
 23940 | Orc:2    | Received a gift from Okawaru
 23959 | Orc:2    | Reached skill level 19 in Armour
 24022 | Orc:2    | Noticed Nergalle
 24045 | Orc:2    | Found a roughly hewn altar of Beogh.
 24335 | Orc:2    | Found a staircase to the Elven Halls.
 24433 | Orc:2    | Noticed Blork the orc
 24437 | Orc:2    | Killed Nergalle
 24451 | Orc:2    | Noticed Saint Roka
 24799 | Orc:1    | Killed Blork the orc
 25080 | Orc:2    | Killed Saint Roka
 25156 | Orc:2    | Reached skill level 20 in Armour
 25266 | Orc:2    | Received a gift from Okawaru
 25352 | Orc:2    | Found a roughly hewn altar of Beogh.
 25364 | Orc:2    | Found Zialesh's Antique Weapon Emporium.
 25375 | Orc:2    | Found Oshuxucy's Antique Armour Emporium.
 25409 | Orc:2    | Found Eciets's General Store.
 25514 | Orc:2    | Bought an uncursed ring of protection from fire for 400 gold pieces
 25546 | Orc:2    | Bought an ichor-stained buckler for 304 gold pieces
 25556 | Orc:2    | Identified the +3 buckler of Wasted Space {rElec Int+4 Dex+3 Stlth-} (You bought it in a shop on level 2 of the Orcish Mines)
 25744 | Orc:2    | Found Hoss's Book Emporium.
 25946 | Shoals:1 | Entered Level 1 of the Shoals
 26458 | Shoals:1 | Reached XP level 16. HP: 69/149 MP: 20/20
 27100 | Shoals:2 | Noticed a kraken
 27111 | Shoals:2 | Noticed a kraken
 27143 | Shoals:2 | Killed a kraken
 27148 | Shoals:2 | Killed a kraken
 27148 | Shoals:2 | Reached skill level 21 in Armour
 27168 | Shoals:2 | Noticed a kraken
 27168 | Shoals:2 | Noticed a kraken
 27684 | Shoals:2 | Killed a kraken
 27704 | Shoals:2 | Killed a kraken
 27961 | Shoals:2 | Identified the +3 chain mail of Divine Intervention {Stlth+} (You found it on level 2 of the Shoals)
 28259 | Shoals:3 | Received a gift from Okawaru
 29002 | Shoals:4 | Entered Level 4 of the Shoals
 29007 | Shoals:4 | Reached skill level 15 in Dodging
 29133 | Shoals:4 | HP: 2/151 [water nymph/the raging water (22)]
 29139 | Shoals:4 | Killed from afar by a merfolk aquamancer

Skill      XL: |  1  2  3  4  5  6  7  8  9 10 11 12 13 14 15 16 |
---------------+-------------------------------------------------+-----
Shields        | 4 |  4.1
Dodging        | 1 2 3 4 6 7 9 10 11 12 14 15 | 15.0
Fighting       | 4 5 6 7 8 10 12 13 14 15 | 15.8
Armour         | 4 5 6 7 8 10 12 13 14 16 20 21 | 21.0
Axes           | 3 4 5 6 8 9 11 13 14 15 16 | 16.1
Evocations     | 3 6 |  6.8
Invocations    | 1 5 |  5.0

Action                   |  1- 3 |  4- 6 |  7- 9 | 10-12 | 13-15 | 16-18 || total
-------------------------+-------+-------+-------+-------+-------+-------++-------
Melee: War axe           |    84 |   112 |   248 |   473 |  1072 |   128 ||  2117
       Headbutt          |    12 |    23 |    42 |   133 |   326 |    88 ||   624
       Unarmed           |       |       |     1 |       |       |       ||     1
       Trident           |       |       |       |    10 |       |       ||    10
       Mace              |       |       |       |       |    97 |       ||    97
       Broad axe         |       |       |       |       |    40 |   155 ||   195
Invok: Finesse           |       |       |       |       |     6 |     4 ||    10
 Abil: Evoke Berserk Rag |       |       |       |     3 |     5 |       ||     8
Evoke: Phantom mirror    |       |       |       |       |     1 |       ||     1
  Use: Potion            |     4 |     4 |     5 |     8 |     5 |     4 ||    30
       Scroll            |     4 |       |     5 |     6 |    17 |     6 ||    38
 Stab: Invisible         |       |       |       |     1 |       |       ||     1
  Eat: Chunk             |     2 |     4 |     9 |    29 |    43 |     5 ||    92
       Ration            |       |       |       |     1 |     1 |     1 ||     3
Armor: Scale mail        |     5 |       |       |       |   110 |       ||   115
       Plate armour      |    41 |    65 |   132 |   207 |   423 |   123 ||   991
       Skin              |       |       |     2 |       |       |       ||     2
       Chain mail        |       |       |       |       |    32 |       ||    32
Dodge: Dodged            |    24 |    44 |    97 |   272 |   701 |   188 ||  1326
Block: Shield            |    18 |       |       |       |       |       ||    18
       Buckler           |    13 |    26 |    64 |   168 |   520 |   111 ||   902
